 Dungeon Crawl Stone Soup version 0.21-a0-404-g291f19a (webtiles) character file.

24 IceWhale the Skirmisher (level 2, 0/27 HPs)
             Began as a Draconian Abyssal Knight on Oct 29, 2017.
             Was a Follower of Lugonu.
             Slain by a bat (1 damage)
             ... on level 2 of the Dungeon.
             The game lasted 00:04:18 (1400 turns).

IceWhale the Skirmisher (Draconian Abyssal Knight)  Turns: 1400, Time: 00:04:19

Health: 0/27       AC:  4    Str: 14    XL:     2   Next: 79%
Magic:  3/3        EV: 12    Int: 12    God:    Lugonu [*.....]
Gold:   45         SH:  0    Dex: 10    Spells: 1/1 levels left

rFire    . . .     SeeInvis .   g - +2 short sword (drain)
rCold    . . .     Gourm    .   (no shield)
rNeg     . . .     Faith    .   (armour unavailable)
rPois    .         Spirit   .   (helmet restricted)
rElec    .         Reflect  .   (no cloak)
rCorr    .         Harm     .   (no gloves)
MR       .....                  (no boots)
Stlth    +.........             (no amulet)
HPRegen  0.09/turn              (no ring)
MPRegen  0.08/turn              (no ring)

@: lethally poisoned (0 -> -4), drained
A: unfitting armour, cold-blooded, AC +4
a: Depart the Abyss, Renounce Religion


You were on level 2 of the Dungeon.
You worshipped Lugonu.
Lugonu was aware of your devotion.
You were not hungry.

You visited 1 branch of the dungeon, and saw 2 of its levels.
You visited the Abyss 1 time.

You collected 45 gold pieces.

Inventory:

Hand Weapons
 a - a +1 short sword
 g - a +2 short sword of draining (weapon)
Scrolls
 c - a scroll of immolation {unknown}
 e - a scroll of identify {unknown}
 h - a scroll of teleportation
 l - a scroll of magic mapping {unknown}
Potions
 d - a potion of cancellation
 f - a potion of heal wounds {unknown}
 k - a potion of curing {unknown}
Comestibles
 b - 3 bread rations
 i - a meat ration
 j - 2 chunks of flesh


   Skills:
 + Level 3.9(3.7) Fighting
 + Level 2.2(2.0) Short Blades
 + Level 2.5(2.4) Dodging
 + Level 2.1(1.9) Invocations


You had one spell level left.
You didn't know any spells.

Dungeon Overview and Level Annotations

Branches:
Dungeon (2/15)

Altars:


Innate Abilities, Weirdness & Mutations

Your plain brown scales are hard. (AC +4)
You cannot fit into any form of body armour.
You are cold-blooded and may be slowed by cold attacks.


Message History

You are more poisoned.
The adder poisons you!
You closely miss the bat.
You feel sick. The bat misses you. The adder bites you. x2
* * * LOW HITPOINT WARNING * * *
* * * LOW HITPOINT WARNING * * *
You feel sick. The bat closely misses you.
* * * LOW HITPOINT WARNING * * *
You feel sick. The bat barely misses you. The bat hits you but does no damage.
The adder bites you.
* * * LOW HITPOINT WARNING * * *
* * * LOW HITPOINT WARNING * * *
You feel sick. The bat hits you but does no damage.
The bat hits you but does no damage. The bat hits you.
* * * LOW HITPOINT WARNING * * *
The adder barely misses you.
* * * LOW HITPOINT WARNING * * *
You feel sick. The bat hits you.
You die...

############
.....#.....############
............#..........
......$................
.......................
........w.K..Sb@.......
......................>
......................?
.......?...............
............####.......
...........## .#.....
.......##### ###.###
...###. .#


You could see a worm, an adder, a bat and a kobold.

Vanquished Creatures
  A dart slug (D:1)
  A giant cockroach (D:1)
  3 goblins (D:1)
  4 hobgoblins
  3 kobolds (D:1)
  A quokka (D:2)
  3 bats (D:1)
  3 frilled lizards (D:1)
  A rat (D:1)
20 creatures vanquished.

Notes
Turn   | Place    | Note
-------+----------+-------------------------------------------
     0 | Abyss:1  | IceWhale the Draconian Abyssal Knight began the quest for the Orb.
     0 | Abyss:1  | Reached XP level 1. HP: 19/19 MP: 2/2
    56 | Abyss:1  | Found a corrupted altar of Lugonu.
    86 | D:1      | Escaped the Abyss
   152 | D:1      | Reached * piety under Lugonu
   423 | D:1      | Reached XP level 2. HP: 26/27 MP: 3/3
  1399 | D:2      | HP: 1/27 [bat (1)]
  1400 | D:2      | Slain by a bat

Vault maps used:
D:1:      lemuel_arrival_broad_hall
D:2:      first_bread

Action                   || total
-------------------------++-------
Melee: Short sword       ||    62
       Tailslap          ||     4
Invok: Depart the Abyss  ||     1
  Use: Scroll            ||     1
       Potion            ||     1
  Eat: Chunk             ||     1
Armor: Skin              ||    38
Dodge: Dodged            ||    71

Table legend:
 A = Spawn XP
 B = Non-spawn XP
 C = Spawn XP percentage of total XP
 D = Spawn monster count
 E = Non-spawn monster count
 F = Spawn count percentage of total count
 G = Total turns spent on level
                    A         B        C        D         E        F      G
               +---------+---------+-------+---------+---------+-------+---------
         Total |       0 |      35 |   0.0 |       0 |      20 |   0.0 |  1400
               +---------+---------+-------+---------+---------+-------+---------
           D:1 |       0 |      31 |   0.0 |       0 |      18 |   0.0 |  1282
           D:2 |       0 |       4 |   0.0 |       0 |       2 |   0.0 |    32
               +---------+---------+-------+---------+---------+-------+---------
